 Seeded DCSS version 0.27.1-1-g398f81649c (webtiles) character file.

Game seed: 12441045110187997083 (custom seed)

4617 aster the Carver (level 10, 0/61 HPs)
             Began as a Tengu Gladiator on Sept 12, 2021.
             Was an Elder of Okawaru.
             Engulfed by a cloud of freezing vapour (27 damage)
             ... on level 8 of the Dungeon.
             The game lasted 00:16:50 (6267 turns).

aster the Carver (Tengu Gladiator)                  Turns: 6267, Time: 00:16:51

Health: 0/61       AC:  7    Str: 14    XL:     10   Next: 42%
Magic:  13/13      EV: 16    Int: 10    God:    Okawaru [****..]
Gold:   1046       SH:  9    Dex: 18    Spells: 9/9 levels left

rFire    . . .     SeeInvis +   e - +5 double sword (protect)
rCold    . . .     Faith    .   t - +0 kite shield
rNeg     . . .     Spirit   .   s - +1 leather armour {Will+}
rPois    .         Reflect  .   b - +2 hat {SInv}
rElec    .         Harm     .   m - +0 cloak
rCorr    +         Rampage  .   (no gloves)
Will     +....                  (boots unavailable)
Stlth    +.........             h - amulet of regeneration
HPRegen  1.20/turn              p - ring of resist corrosion
MPRegen  0.13/turn              (no ring)

@: flying quickly and evasively, quick
A: beak, talons 3, nimble flight
a: Renounce Religion, Heroism


You were on level 8 of the Dungeon.
You worshipped Okawaru.
Okawaru was greatly pleased with you.
You visited 1 branch of the dungeon, and saw 8 of its levels.

You collected 1046 gold pieces.

Inventory:

Hand Weapons
 a - a +1 long sword
 e - a +5 double sword of protection (weapon)
 v - a +4 dagger of chaos
Missiles
 d - 3 throwing nets (quivered)
Armour
 b - a +2 hat of see invisible (worn)
 m - a +0 cloak (worn)
 s - a +1 leather armour of willpower (worn)
 t - a +0 kite shield (worn)
Jewellery
 h - an amulet of regeneration (around neck)
 p - a ring of resist corrosion (left hand)
 x - an amulet of faith
Wands
 q - a wand of iceblast (9)
 r - a wand of acid (7)
Scrolls
 c - a scroll of enchant armour
 f - 2 scrolls of enchant weapon
 g - 2 scrolls of identify
 l - a scroll of blinking
 o - 3 scrolls of teleportation
Potions
 i - a potion of haste
 j - 3 potions of curing
 k - a potion of flight
 n - a potion of might
 u - a potion of heal wounds
 w - a potion of ambrosia {unknown}


   Skills:
 + Level 6.7 Fighting
 * Level 10.6 Long Blades
 - Level 6.0 Throwing
 + Level 7.8 Dodging
 + Level 2.8 Shields
 - Level 3.0 Invocations


You had 9 spell levels left.
You didn't know any spells.
Your spell library contained the following spells:

 Spells                   Type           Power      Damage    Failure   Level
 Beastly Appendage        Tmut           0%         N/A       93%         1
 Corpse Rot               Necr/Air       N/A        N/A       98%         2
 Poisonous Vapours        Pois/Air       0%         N/A       98%         2
 Wereblood                Tmut           0%         N/A       98%         2
 Spider Form              Tmut/Pois      0%         N/A       100%        3
 Freezing Cloud           Conj/Ice/Air   0%         6-21      100%        5


Dungeon Overview and Level Annotations

Branches:
Dungeon (8/15)             Temple (0/1) D:7
   Lair: D:8-11

Altars:
Ashenzari
Dithmenos
Elyvilon
Gozag
Nemelex Xobeh
Okawaru
Qazlal
Ru
Sif Muna
Trog
Xom
Zin


Innate Abilities, Weirdness & Mutations

You have a beak for a mouth.
You have claws for feet.
Your magical nature lets you fly swiftly and evasively.


Message History

Okawaru accepts your kill.
With Pikel's spell broken, his former minion thanks you for its freedom.
The lemure departs this earthly plane.
Things that are here:
a +2 whip of freezing; a +0 robe
There is a stone staircase leading down here.
Things that are here:
a +2 whip of freezing; a +0 robe
There is a stone staircase leading down here.
There is a stone staircase leading down here.
Found 22 gold pieces.
Found a robe and 18 gold pieces.
Found 28 gold pieces.
Found a pair of runed gloves.
Found 9 gold pieces.
A howler monkey zombie is nearby!
You slash the howler monkey zombie!
Your weapon exudes an aura of protection.
You claw the howler monkey zombie!
The howler monkey zombie is severely damaged.
The howler monkey zombie hits you but does no damage.
You block the howler monkey zombie's attack.
You slice the howler monkey zombie!!
You destroy the howler monkey zombie!
Okawaru accepts your kill.
No target in view!
You now have 1046 gold pieces (gained 9).
Partly explored, can't reach some items.
Search for what [Enter for "buckler", or ? for help]? .
Unknown command.
As you open the door, it creaks loudly!
Really fly into a travel-excluded area?
There is an open door here.
Really fly into a travel-excluded area?
You are engulfed in freezing vapours.
You are engulfed in freezing vapours.
You are engulfed in freezing vapours.
You are engulfed in freezing vapours.
You are engulfed in freezing vapours.
You die...

##.######## #####.......#####
..........##### #.....###.###
##.##.........###....## #.#
#.##.........##.....# #.##
#.##.........#......####..###
#.##...##################'###
#.##...#.§§§§§§§§○○○○○○○☼..####
#.##...#○####################.#
##.#....#○○○○○○○@§§§§§§§$$[$#..##
........#####################...#
....................######....#..
............#................###.
.....<......#.....(...#....#####.
............#.................##.
............#.................##.
............######>...........##.
............[......>..........##.


There were no monsters in sight!

Vanquished Creatures
  Pikel (D:8)
  Psyche (D:8)
  5 yaks
  A steam dragon (D:7)
  2 water moccasins
  An ice beast (D:6)
  2 sky beasts (D:5)
  2 black bears (D:6)
  2 ogres (D:4)
  A necrophage (D:4)
  3 lemures (D:8)
  2 phantoms
  6 bullfrogs
  2 wyvern zombies
  2 scorpions
  A water moccasin zombie (D:6)
  A wyvern skeleton (D:7)
  6 killer bees (D:4)
  A vampire bat (D:4)
  A hound (D:5)
  3 jellies
  Crazy Yiuf (D:3)
  3 gnoll shamans
  2 orc priests
  A bullfrog skeleton (D:7)
  A centaur skeleton (D:6)
  Terence (D:3)
  6 iguanas
  2 orc wizards
  A killer bee zombie (D:8)
  2 howler monkey zombies
  Robin (D:2)
  15 gnolls
  9 adders
  A shadow imp (D:4)
  A white imp (D:5)
  An ufetubus (D:6)
  2 adder skeletons
  2 worms
  2 dart slugs (D:2)
  13 orcs
  6 ball pythons
  4 endoplasms
  3 giant cockroaches
  17 goblins
  2 hobgoblins
  3 jackals (D:5)
  4 quokkas
  13 bats
  A frilled lizard (D:1)
  5 kobolds
  A rat (D:2)
172 creatures vanquished.

Notes
Turn   | Place    | Note
-------+----------+-------------------------------------------
     0 | D:1      | aster the Tengu Gladiator began the quest for the Orb.
     0 | D:1      | Reached XP level 1. HP: 12/12 MP: 2/2
   227 | D:1      | Reached XP level 2. HP: 17/17 MP: 3/3
   762 | D:2      | Reached XP level 3. HP: 16/21 MP: 4/4
   919 | D:2      | Reached skill level 4 in Long Blades
   926 | D:2      | HP: 1/22 [poisoned by an adder]
  1354 | D:2      | Noticed Robin
  1361 | D:2      | Reached XP level 4. HP: 17/27 MP: 5/5
  1700 | D:2      | Killed Robin
  2286 | D:2      | Identified a scroll of acquirement
  2286 | D:2      | Acquired a +4 double sword of protection
  2516 | D:3      | Found a runed translucent door.
  2517 | D:3      | Noticed Crazy Yiuf
  2572 | D:3      | Found a white marble altar of Elyvilon.
  2760 | D:3      | Noticed Terence
  2764 | D:3      | Killed Terence
  2765 | D:3      | Gained mutation: Your magical nature lets you fly swiftly
                  | and evasively. [Tengu growth]
  2765 | D:3      | Reached XP level 5. HP: 30/32 MP: 6/6
  2903 | D:3      | Killed Crazy Yiuf
  3101 | D:3      | Acquired 764 gold pieces
  3168 | D:4      | Noticed a necrophage
  3174 | D:4      | Killed a necrophage
  3175 | D:4      | Reached skill level 5 in Long Blades
  3175 | D:4      | Reached XP level 6. HP: 37/37 MP: 7/7
  3276 | D:4      | Reached XP level 7. HP: 23/41 MP: 8/8
  3349 | D:4      | Reached skill level 6 in Long Blades
  3597 | D:4      | Reached skill level 5 in Dodging
  3613 | D:4      | Reached XP level 8. HP: 34/48 MP: 9/9
  3638 | D:4      | Reached skill level 7 in Long Blades
  3912 | D:4      | Found a shimmering blue altar of Sif Muna.
  3913 | D:4      | Found a broken altar of Ashenzari.
  3915 | D:4      | Found a shadowy altar of Dithmenos.
  3915 | D:4      | Found an iron altar of Okawaru.
  3917 | D:4      | Found a bloodstained altar of Trog.
  3919 | D:4      | Found a shimmering altar of Xom.
  3921 | D:4      | Found a sacrificial altar of Ru.
  4039 | D:4      | Acquired a ring of resist corrosion
  4096 | D:4      | Became a worshipper of Warmaster Okawaru
  4105 | D:5      | Entered Level 5 of the Dungeon
  4220 | D:5      | Reached skill level 1 in Invocations
  4428 | D:5      | Found a sparkling altar of Nemelex Xobeh.
  4459 | D:5      | Acquired a +2 hat of see invisible
  4537 | D:6      | Reached * piety under Okawaru
  4538 | D:6      | Reached skill level 8 in Long Blades
  4538 | D:6      | Reached skill level 5 in Throwing
  4540 | D:6      | Reached skill level 5 in Fighting
  4553 | D:6      | Found a stormy altar of Qazlal.
  4594 | D:6      | Reached XP level 9. HP: 54/54 MP: 11/11
  4675 | D:6      | Noticed a cyclops
  4797 | D:6      | Found a glowing silver altar of Zin.
  4948 | D:6      | Reached ** piety under Okawaru
  5004 | D:6      | HP: 2/54 [cyclops/large rock (21)]
  5207 | D:7      | Reached skill level 9 in Long Blades
  5258 | D:7      | Found a staircase to the Ecumenical Temple.
  5378 | D:7      | Found an opulent altar of Gozag.
  5637 | D:7      | Reached *** piety under Okawaru
  5638 | D:7      | Reached skill level 1 in Shields
  5686 | D:7      | Reached XP level 10. HP: 50/60 MP: 13/13
  5689 | D:7      | Reached skill level 10 in Long Blades
  5706 | D:8      | Noticed Psyche
  5722 | D:8      | Killed Psyche
  5985 | D:8      | Noticed Pikel
  5995 | D:8      | Killed Pikel
  5995 | D:8      | Reached **** piety under Okawaru
  6267 | D:8      | Engulfed by a cloud of freezing vapour

Illustrated notes

Levels and vault maps discovered:
D:1:      eino_arrival_water_cross, layout_basic
D:2:      layout_basic, uniq_robin
D:3:      layout_basic, lemuel_tele_altar, minmay_misc_feat_room,
          uniq_crazy_yiuf_cottage, uniq_terence
D:4:      layout_rooms, grunt_temple_overflow_open, nrook_mini_vaults,
          roderic_batcave
D:5:      layout_gridville, nemelex_diamond_rough_becter
D:6:      layout_rooms, lemuel_crystal_altar, zin_statuary
D:7:      layout_cave_pools, grunt_gozag_statues, minmay_temple_entry_overgrown
D:8:      lemuel_ice_spiral_2, layout_rooms, uniq_psyche, uniq_pikel

Skill      XL: |  1  2  3  4  5  6  7  8  9 10 |
---------------+-------------------------------+-----
Long Blades    | 4 5 6 8 9 10 | 10.6
Dodging        | 4 5 6 7 |  7.8
Fighting       | 3 4 5 6 |  6.7
Throwing       | 3 4 5 6 |  6.0
Invocations    | 1 3 |  3.0
Shields        | 1 2 |  2.8

Action                   |  1- 3 |  4- 6 |  7- 9 | 10-12 || total
-------------------------+-------+-------+-------+-------++-------
Melee: Long sword        |    46 |    29 |       |       ||    75
       Kick              |    15 |    22 |    71 |    25 ||   133
       Peck              |     4 |    13 |    44 |    20 ||    81
       Double sword      |       |    41 |   184 |    70 ||   295
  Use: Scroll            |       |     5 |    13 |       ||    18
 Stab: Sleeping          |     1 |       |     1 |     1 ||     3
Armor: Leather armour    |    11 |    15 |    67 |    24 ||   117
Dodge: Dodged            |    28 |    48 |   218 |    49 ||   343
Block: Kite shield       |       |       |     5 |    33 ||    38
       Rpst.: Long sword |    10 |     5 |       |       ||    15
       Double sword      |       |     9 |    51 |    12 ||    72
